 Dungeon Crawl Stone Soup version 0.22.0-38-g04b72b8 (webtiles) character file.

9517 Lew the Blocker (level 11, 0/89 HPs)
             Began as a Gnoll Fighter on Aug 28, 2018.
             Was a High Priest of Okawaru.
             Slain by a wraith (8 damage)
             ... on level 10 of the Dungeon.
             The game lasted 00:20:45 (9899 turns).

Lew the Blocker (Gnoll Fighter)                     Turns: 9899, Time: 00:20:46

Health: 0/89       AC:  7    Str: 22    XL:     11   Next: 47%
Magic:  20/20      EV: 15    Int: 11    God:    Okawaru [*****.]
Gold:   494        SH: 15    Dex: 20    Spells: 20/22 levels left

rFire    + . .     SeeInvis .   u - +10 war axe of Ragnarok {holy, Dex+4}
rCold    . . .     Gourm    +   c - +3 shield
rNeg     . . .     Faith    .   k - +2 leather armour {MR+}
rPois    .         Spirit   .   (no helmet)
rElec    .         Reflect  .   (no cloak)
rCorr    .         Harm     .   F - +0 pair of gloves
MR       +....     Clarity  +   (no boots)
Stlth    +++.......             n - amulet of the gourmand
HPRegen  0.24/turn              a - ring of protection from fire
MPRegen  0.17/turn              (no ring)

@: about to teleport, very slightly contaminated, slowed, drained, very slow
A: distributed training, fangs 1, talons 1, clarity, strong 1, strong nose
a: Heroism, Finesse, Renounce Religion


You were on level 10 of the Dungeon.
You worshipped Okawaru.
Okawaru was extremely pleased with you.
You were hungry.

You visited 2 branches of the dungeon, and saw 11 of its levels.
You also visited: Sewer.

You collected 494 gold pieces.

Inventory:

Hand Weapons
 h - a +2 flail of protection
 s - a +3 demon blade
 u - the +10 war axe of Ragnarok (weapon) {holy, Dex+4}
   (You found it on level 4 of the Dungeon)

   It has been blessed by the Shining One to cause great damage to the undead
   and demons.
   It affects your dexterity (+4).
 G - a +0 executioner's axe
Missiles
 w - 5 throwing nets (quivered)
Armour
 b - a +0 scale mail
 c - a +3 shield (worn)
 k - a +2 leather armour of magic resistance (worn)
 F - a +0 pair of gloves (worn)
Jewellery
 a - a ring of protection from fire (left hand)
 m - an uncursed ring of fire
 n - an amulet of the gourmand (around neck)
Wands
 x - a wand of flame (29)
 y - a wand of acid (5)
 D - a wand of paralysis (10)
 E - a wand of polymorph (13)
Scrolls
 g - 4 scrolls of remove curse
 t - a scroll of fog
 v - 2 scrolls of amnesia
 z - a scroll of magic mapping
Potions
 d - 3 potions of might
 e - a potion of magic
 i - a potion of resistance
 j - a potion of curing
 l - 4 potions of invisibility
 p - a potion of lignification
 q - a potion of flight
 r - 2 potions of brilliance
 C - a potion of haste
Miscellaneous
 H - a sack of spiders
Comestibles
 f - 11 rations


   Skills:
 + Level 9.1(8.5) Fighting
 + Level 6.2(5.6) Short Blades
 + Level 7.8(7.2) Long Blades
 + Level 6.2(5.6) Axes
 + Level 6.2(5.6) Maces & Flails
 + Level 6.2(5.6) Polearms
 + Level 6.2(5.6) Staves
 + Level 6.2(5.6) Slings
 + Level 6.2(5.6) Bows
 + Level 6.2(5.6) Crossbows
 + Level 6.2(5.6) Throwing
 + Level 9.1(8.5) Armour
 + Level 6.2(5.6) Dodging
 + Level 6.2(5.6) Stealth
 + Level 9.1(8.5) Shields
 + Level 6.2(5.6) Unarmed Combat
 + Level 6.2(5.6) Spellcasting
 + Level 5.1(4.6) Conjurations
 + Level 5.1(4.6) Hexes
 + Level 5.1(4.6) Charms
 + Level 5.1(4.6) Summonings
 + Level 5.1(4.6) Necromancy
 + Level 5.1(4.6) Translocations
 + Level 5.1(4.6) Transmutations
 + Level 5.1(4.6) Fire Magic
 + Level 5.1(4.6) Ice Magic
 + Level 5.1(4.6) Air Magic
 + Level 5.1(4.6) Earth Magic
 + Level 5.1(4.6) Poison Magic
 + Level 6.8(6.2) Invocations
 + Level 6.2(5.6) Evocations


You had 20 spell levels left.
You knew the following spells:

 Your Spells              Type           Power        Failure   Level  Hunger
a - Swiftness             Chrm/Air       ##......     12%         2    ##.....

Your spell library contained the following spells:

 Spells                   Type           Power        Failure   Level  Hunger
 Confusing Touch          Hex            ##....       8%          1    None
 Corona                   Hex            ##.....      8%          1    None
 Shock                    Conj/Air       ##..         8%          1    None
 Ensorcelled Hibernation  Hex/Ice        ##....       12%         2    ##.....
 Confuse                  Hex            ##......     24%         3    ###....
 Dazzling Spray           Conj/Hex       ##....       24%         3    ###....
 Gell's Gravitas          Tloc           ##........   24%         3    ###....
 Static Discharge         Conj/Air       ##......     24%         3    ###....
 Tukima's Dance           Hex            ##......     24%         3    ###....
 Airstrike                Air            ##........   61%         4    ####...
 Petrify                  Tmut/Erth      ##......     61%         4    ####...
 Lightning Bolt           Conj/Air       ##........   91%         5    ######.
 Metabolic Englaciation   Hex/Ice        ##........   91%         5    ######.
 Yara's Violent Unravell  Hex/Tmut       ##........   91%         5    ######.


Dungeon Overview and Level Annotations

Branches:
Dungeon (10/15)            Temple (1/1) D:5            Lair (0/6) D:10
    Orc: D:9-12

Altars:
Ashenzari
Cheibriados
Dithmenos
Elyvilon
Fedhas
Gozag
Hepliaklqana
Kikubaaqudgha
Makhleb
Nemelex Xobeh
Okawaru
Qazlal
Ru
Sif Muna
Trog
Uskayaw
Vehumet
Wu Jian
Xom
Yredelemnul
Zin
The Shining One

Shops:
D:5 (


Innate Abilities, Weirdness & Mutations

Your experience applies equally to all skills.
You have very sharp teeth.
Your uncanny sense of smell can sniff out nearby items.
You have sharp toenails.
You possess an exceptional clarity of mind.
Your muscles are strong. (Str +2)


Message History

The shadow is almost destroyed.
You barely miss the wraith. You hit the wraith.
The wraith convulses.
The wight barely misses you. The wraith closely misses you. x2
The shadow closely misses you. The wraith hits you!
* * * LOW HITPOINT WARNING * * *
The wight hits you from afar with a trident!
* * * LOW HITPOINT WARNING * * *
You feel drained.
* * * LOW HITPOINT WARNING * * *
You block the wraith's attack.
Okay, then.
Okay, then.
Blink to where?
Press: ? - help, Dir - move target cursor, p - wraith You are very lightly contaminated with residual magic.
As you read the scroll of blinking, it crumbles to dust.
As you read the scroll of teleportation, it crumbles to dust.
You feel strangely unstable. You block the wraith's attack.
You block the shadow's attack. The wraith hits you!
You die...

##############
...÷.......... ∆
######...#### #...#
######...###########
................§§§#######
................§Wz§z.Z..#
...............§@WW§z.z..#
############.##########..#
#.# ..# #.# ..# ##.#


Z.W ## ....# Zz## .#######...... ∆∆..$∆ ∆ #...≈...#.... ZW# ..#...#....# You
could see 2 wraiths, a shadow and a wight.

Vanquished Creatures
  Harold (D:7)
  A two-headed ogre (D:8)
  A necromancer (D:10)
  An oklob plant (D:10)
  Joseph (D:7)
  Prince Ribbit (D:7)
  3 hippogriffs
  4 flying skulls (D:10)
  A wraith (D:10)
  5 yaks (D:10)
  Sigmund (D:3)
  A shadow (D:10)
  A spriggan (D:8)
  A wyvern (D:8)
  Menkaure (D:7)
  2 sky beasts
  2 necrophages (D:10)
  An ice beast (D:8)
  7 ogres
  A phantom (D:4)
  4 centaurs
  A big kobold (D:7)
  10 bullfrogs
  5 scorpions
  5 wights
  11 killer bees
  5 howler monkeys
  A crimson imp (D:6)
  A bullfrog zombie (D:9)
  A jelly (D:5)
  2 bullfrog skeletons
  2 hounds
  Terence (D:2)
  2 iguanas
  9 worker ants
  A hound zombie (D:9)
  A hound skeleton (D:10)
  A mummy (D:7)
  7 gnolls
  2 howler monkey skeletons
  12 adders
  3 shadow imps
  An ooze (D:3)
  An adder skeleton (D:8)
  An adder zombie (D:6)
  2 worms
  8 leopard geckos
  7 orcs
  3 ball pythons
  8 bats
  13 giant cockroaches
  7 goblins
  5 hobgoblins (D:1)
  13 jackals
  4 quokkas
  5 frilled lizards
  A hobgoblin zombie (D:7)
  9 kobolds
  3 kobold zombies (D:7)
  9 rats
  11 plants (D:10)
  A toadstool (D:1)
236 creatures vanquished.

Vanquished Creatures (others)
  3 toadstools (D:1)
3 creatures vanquished.

Grand Total: 239 creatures vanquished

Notes
Turn   | Place    | Note
-------+----------+-------------------------------------------
     0 | D:1      | Lew the Gnoll Fighter began the quest for the Orb.
     0 | D:1      | Reached XP level 1. HP: 23/23 MP: 1/1
    84 | D:1      | Reached XP level 2. HP: 29/29 MP: 2/2
   317 | D:1      | Reached XP level 3. HP: 24/35 MP: 3/3
   851 | D:2      | Reached skill level 1 in Invocations
   866 | D:2      | Noticed Terence
   881 | D:2      | Killed Terence
   881 | D:2      | Reached skill level 1 in Short Blades
   881 | D:2      | Reached skill level 1 in Axes
   881 | D:2      | Reached skill level 1 in Maces & Flails
   881 | D:2      | Reached skill level 1 in Polearms
   881 | D:2      | Reached skill level 1 in Staves
   881 | D:2      | Reached skill level 1 in Slings
   881 | D:2      | Reached skill level 1 in Bows
   881 | D:2      | Reached skill level 1 in Crossbows
   881 | D:2      | Reached skill level 1 in Throwing
   881 | D:2      | Reached skill level 1 in Dodging
   881 | D:2      | Reached skill level 1 in Stealth
   881 | D:2      | Reached skill level 1 in Unarmed Combat
   881 | D:2      | Reached skill level 1 in Spellcasting
   881 | D:2      | Reached skill level 1 in Evocations
   881 | D:2      | Reached XP level 4. HP: 23/41 MP: 5/5
  1165 | D:2      | Reached skill level 1 in Conjurations
  1165 | D:2      | Reached skill level 1 in Hexes
  1165 | D:2      | Reached skill level 1 in Charms
  1165 | D:2      | Reached skill level 1 in Summonings
  1165 | D:2      | Reached skill level 1 in Necromancy
  1165 | D:2      | Reached skill level 1 in Translocations
  1165 | D:2      | Reached skill level 1 in Transmutations
  1165 | D:2      | Reached skill level 1 in Fire Magic
  1165 | D:2      | Reached skill level 1 in Ice Magic
  1165 | D:2      | Reached skill level 1 in Air Magic
  1165 | D:2      | Reached skill level 1 in Earth Magic
  1165 | D:2      | Reached skill level 1 in Poison Magic
  1778 | D:2      | Reached XP level 5. HP: 46/47 MP: 6/6
  2094 | D:3      | Noticed Sigmund
  2103 | D:3      | Killed Sigmund
  2103 | D:3      | Reached XP level 6. HP: 41/53 MP: 8/8
  2255 | D:3      | Reached skill level 5 in Long Blades
  2484 | D:4      | Gained mutation: You possess an exceptional clarity of mind. [potion of mutation]
  2484 | D:4      | Gained mutation: Your muscles are strong. (Str +2) [potion of mutation]
  2484 | D:4      | Gained mutation: You have sharp toenails. [potion of mutation]
  2538 | D:4      | Found a glowing golden altar of the Shining One.
  2630 | D:4      | Noticed a phantom
  2644 | D:4      | Killed a phantom
  2795 | D:4      | Reached XP level 7. HP: 59/59 MP: 10/10
  2829 | D:4      | Found a glowing drain.
  2845 | Sewer    | Entered a sewer
  3314 | D:4      | Got a smoking war axe
  3315 | D:4      | Identified the +10 war axe of Ragnarok {holy, Dex+4} (You found it on level 4 of the Dungeon)
  3322 | D:4      | You fall through a shaft!
  3322 | D:5      | Entered Level 5 of the Dungeon
  3474 | D:5      | Found a staircase to the Ecumenical Temple.
  3491 | Temple   | Entered the Ecumenical Temple
  3499 | Temple   | Became a worshipper of Warmaster Okawaru
  3597 | D:5      | Found Enkihyum's Weapon Shop.
  3673 | D:5      | Reached XP level 8. HP: 67/67 MP: 12/12
  4625 | D:6      | Reached * piety under Okawaru
  4899 | D:6      | Reached XP level 9. HP: 52/72 MP: 14/14
  5375 | D:7      | Reached ** piety under Okawaru
  5503 | D:7      | Noticed Prince Ribbit
  5513 | D:7      | Killed Prince Ribbit
  5774 | D:7      | Noticed Harold
  5791 | D:7      | Killed Harold
  5791 | D:7      | Reached *** piety under Okawaru
  5791 | D:7      | Reached skill level 5 in Invocations
  6010 | D:7      | Found a hide-covered altar of Uskayaw.
  6039 | D:7      | Reached XP level 10. HP: 70/80 MP: 15/17
  6121 | D:7      | Noticed Joseph
  6134 | D:7      | Killed Joseph
  6220 | D:7      | Found a sacrificial altar of Ru.
  6470 | D:7      | Found a hide-covered altar of Uskayaw.
  6472 | D:7      | Found a burning altar of Makhleb.
  6663 | D:7      | Noticed Menkaure
  6667 | D:7      | Learned a level 2 spell: Swiftness
  6673 | D:7      | Killed Menkaure
  6829 | D:7      | Found a deep blue altar of Sif Muna.
  7025 | D:8      | Reached skill level 5 in Short Blades
  7025 | D:8      | Reached skill level 5 in Axes
  7025 | D:8      | Reached skill level 5 in Maces & Flails
  7025 | D:8      | Reached skill level 5 in Polearms
  7025 | D:8      | Reached skill level 5 in Staves
  7025 | D:8      | Reached skill level 5 in Slings
  7025 | D:8      | Reached skill level 5 in Bows
  7025 | D:8      | Reached skill level 5 in Crossbows
  7025 | D:8      | Reached skill level 5 in Throwing
  7025 | D:8      | Reached skill level 5 in Dodging
  7025 | D:8      | Reached skill level 5 in Stealth
  7025 | D:8      | Reached skill level 5 in Unarmed Combat
  7025 | D:8      | Reached skill level 5 in Spellcasting
  7025 | D:8      | Reached skill level 5 in Evocations
  7055 | D:8      | Reached **** piety under Okawaru
  7119 | D:8      | Noticed a two-headed ogre
  7124 | D:8      | Killed a two-headed ogre
  7124 | D:8      | Received a gift from Okawaru
  8415 | D:9      | Found a white marble altar of Elyvilon.
  8721 | D:9      | Reached XP level 11. HP: 87/87 MP: 19/19
  8793 | D:9      | Reached ***** piety under Okawaru
  8953 | D:10     | Entered Level 10 of the Dungeon
  9215 | D:10     | Noticed an oklob plant
  9218 | D:10     | Found a staircase to the Lair.
  9338 | D:10     | Killed an oklob plant
  9548 | D:10     | Reached skill level 5 in Conjurations
  9548 | D:10     | Reached skill level 5 in Hexes
  9548 | D:10     | Reached skill level 5 in Charms
  9548 | D:10     | Reached skill level 5 in Summonings
  9548 | D:10     | Reached skill level 5 in Necromancy
  9548 | D:10     | Reached skill level 5 in Translocations
  9548 | D:10     | Reached skill level 5 in Transmutations
  9548 | D:10     | Reached skill level 5 in Fire Magic
  9548 | D:10     | Reached skill level 5 in Ice Magic
  9548 | D:10     | Reached skill level 5 in Air Magic
  9548 | D:10     | Reached skill level 5 in Earth Magic
  9548 | D:10     | Reached skill level 5 in Poison Magic
  9881 | D:10     | Noticed a necromancer
  9890 | D:10     | Killed a necromancer
  9892 | D:10     | Noticed a skeletal warrior
  9899 | D:10     | Slain by a wraith

Skill      XL: |  1  2  3  4  5  6  7  8  9 10 11 |
---------------+----------------------------------+-----
Invocations    | 1 2 3 4 5 6 |  6.8
Short Blades   | 1 2 3 4 5 6 |  6.2
Axes           | 1 2 3 4 5 6 |  6.2
Maces & Flails | 1 2 3 4 5 6 |  6.2
Polearms       | 1 2 3 4 5 6 |  6.2
Staves         | 1 2 3 4 5 6 |  6.2
Slings         | 1 2 3 4 5 6 |  6.2
Bows           | 1 2 3 4 5 6 |  6.2
Crossbows      | 1 2 3 4 5 6 |  6.2
Throwing       | 1 2 3 4 5 6 |  6.2
Dodging        | 1 2 3 4 5 6 |  6.2
Stealth        | 1 2 3 4 5 6 |  6.2
Unarmed Combat | 1 2 3 4 5 6 |  6.2
Spellcasting   | 1 2 3 4 5 6 |  6.2
Evocations     | 1 2 3 4 5 6 |  6.2
Conjurations   | 1 2 3 4 5 |  5.1
Hexes          | 1 2 3 4 5 |  5.1
Charms         | 1 2 3 4 5 |  5.1
Summonings     | 1 2 3 4 5 |  5.1
Necromancy     | 1 2 3 4 5 |  5.1
Translocations | 1 2 3 4 5 |  5.1
Transmutations | 1 2 3 4 5 |  5.1
Fire Magic     | 1 2 3 4 5 |  5.1
Ice Magic      | 1 2 3 4 5 |  5.1
Air Magic      | 1 2 3 4 5 |  5.1
Earth Magic    | 1 2 3 4 5 |  5.1
Poison Magic   | 1 2 3 4 5 |  5.1
Long Blades    | 5 6 7 |  7.8
Fighting       | 7 8 9 |  9.1
Armour         | 7 8 9 |  9.1
Shields        | 7 8 9 |  9.1

Action                   |  1- 3 |  4- 6 |  7- 9 | 10-12 || total
-------------------------+-------+-------+-------+-------++-------
Melee: Long sword        |    90 |       |       |       ||    90
       Bite              |    15 |    17 |    16 |    24 ||    72
       Flail             |       |    94 |    59 |       ||   153
       Kick              |       |     6 |    59 |    76 ||   141
       War axe           |       |       |   116 |   188 ||   304
       Demon blade       |       |       |     5 |       ||     5
Throw: Throwing net      |       |       |     1 |       ||     1
 Cast: Swiftness         |       |       |       |     1 ||     1
Evoke: Wand              |       |       |       |     6 ||     6
  Use: Scroll            |     6 |     6 |    13 |     7 ||    32
       Potion            |       |     4 |     2 |     5 ||    11
 Stab: Sleeping          |       |     1 |    12 |    11 ||    24
       Distracted        |       |       |     1 |       ||     1
  Eat: Chunk             |       |     6 |    11 |     4 ||    21
       Ration            |       |       |     1 |     2 ||     3
Armor: Scale mail        |    40 |       |       |       ||    40
       Leather armour    |       |    29 |    54 |    23 ||   106
Dodge: Dodged            |    26 |    30 |    61 |    79 ||   196
Block: Shield            |    58 |    63 |   121 |   132 ||   374
       Rpst.: Long sword |     8 |       |       |       ||     8
